 Dungeon Crawl Stone Soup version 0.31.0-9-g3a7656b989 (console) character file.

Game seed: 17236445682365496998

74405 AlterAsc the Metamorph (level 15, -6/154 HPs)
             Began as an Octopode Shapeshifter on Jan 25, 2024.
             Was a High Priest of Elyvilon.
             Mangled by a merfolk impaler
             ... wielding a +3 trident of protection
              (16 damage)
             ... on level 1 of the Shoals.
             The game lasted 01:35:03 (26069 turns).

AlterAsc the Metamorph (Octopode Shapeshifter)     Turns: 26069, Time: 01:35:04

Health: -6/154     AC: 16    Str: 29    XL:     15   Next: 46%
Magic:  20/20      EV: 15    Int: 13    God:    Elyvilon [*****.]
Gold:   579        SH:  0    Dex: 25    Spells: 14/14 levels left

rFire   + .          .
                       - Unarmed
rCold   + . .        (shield currently unavailable)
rNeg    . . .        (helmet currently unavailable)
rPois   +            X - amulet of regeneration
rElec   .            Y - +6 ring of dexterity
rCorr   +            v - +4 ring of protection
SInv    +            m - ring of ice
Will    +....        N - ring of resist corrosion
Stlth   ++           U - ring of protection from fire
HPRegen 1.25/turn    V - +6 ring of dexterity
MPRegen 0.17/turn    W - ring of see invisible
                     w - ring of ice

%: no passive effects
@: about to teleport, dragon-form, flying
A: dragon claw, dragon scales, breathe fire, flying, boosted hp, almost no
armour, amphibious, 8 rings, giant, (camouflage 1), (gelatinous body 1), (nimble
swimmer 1), (tentacles)
a: Breathe Fire, Begin Untransformation, Renounce Religion, Purification, Heal
Other, Heal Self, Divine Vigour


You were on level 1 of the Shoals.
You worshipped Elyvilon.
Elyvilon was extremely pleased with you.
You were a fearsome dragon!
You visited 5 branches of the dungeon, and saw 23 of its levels.
You also visited: Gauntlet and Volcano.

You collected 2433 gold pieces.
You spent 1854 gold pieces at shops.

Inventory:

Missiles
 j - 23 boomerangs (quivered)
 x - 20 poisoned darts
 G - 5 throwing nets
Jewellery
 f - an amulet of magic regeneration
 l - a ring of magical power
 m - a ring of ice (on tentacle)
 o - an amulet of faith
 v - a +4 ring of protection (right foreclaw)
 w - a ring of ice (on tentacle)
 B - an amulet of the acrobat
 N - a ring of resist corrosion (on tentacle)
 T - a ring of magical power
 U - a ring of protection from fire (on tentacle)
 V - a +6 ring of dexterity (on tentacle)
 W - a ring of see invisible (on tentacle)
 X - an amulet of regeneration (around neck)
 Y - a +6 ring of dexterity (left foreclaw)
Talismans
 g - a dragon-blood talisman (active)
Wands
 I - a wand of roots (9)
 K - a wand of digging (16)
 L - a wand of mindburst (20)
 M - a wand of flame (10)
 O - a wand of light (6)
Scrolls
 d - 4 scrolls of revelation
 h - 2 scrolls of poison
 i - 4 scrolls of vulnerability
 n - 5 scrolls of amnesia
 p - 5 scrolls of brand weapon
 q - 4 scrolls of fog
 r - 4 scrolls of noise
 s - 2 scrolls of immolation
 z - 3 scrolls of enchant weapon
 F - 9 scrolls of teleportation
 Z - a scroll of torment
Potions
 a - 3 potions of brilliance
 t - 2 potions of attraction
 u - 3 potions of might
 A - a potion of enlightenment {unknown}
 C - 5 potions of heal wounds
 D - a potion of berserk rage {unknown}
 E - 4 potions of curing
 J - a potion of ambrosia {unknown}
 P - 5 potions of mutation
 Q - 2 potions of haste
 R - 2 potions of cancellation {unknown}
 S - 3 potions of resistance {unknown}
Miscellaneous
 e - a sack of spiders
 y - a lightning rod (4/4)


   Skills:
 + Level 10.2 Fighting
 + Level 10.3 Dodging
 * Level 14.8 Unarmed Combat
 - Level 7.0 Invocations
 - Level 16.0 Shapeshifting


You had 14 spell levels left.
You didn't know any spells.
Your spell library contained the following spells:

 Spells                   Type           Power      Damage    Failure   Level
 Kiss of Death            Conj/Necr      0%         2d5       30%         1
 Magic Dart               Conj           0%         1d3       30%         1
 Sandblast                Erth           0%         2d4       30%         1
 Shock                    Conj/Air       0%         1d3       30%         1
 Sting                    Conj/Alch      0%         1d3       30%         1
 Blink                    Tloc           0%         N/A       43%         2
 Call Imp                 Summ           0%         N/A       43%         2
 Mercury Vapours          Alch/Air       0%         N/A       43%         2
 Scorch                   Fire           0%         2d5       43%         2
 Static Discharge         Conj/Air       0%         3-3/arc   43%         2
 Sublimation of Blood     Necr           0%         N/A       43%         2
 Call Canine Familiar     Summ           0%         N/A       67%         3
 Confusing Touch          Hex            0%         N/A       67%         3
 Dazzling Flash           Conj/Hex       0%         N/A       67%         3
 Passwall                 Erth           0%         N/A       67%         3
 Sigil of Binding         Hex            0%         N/A       67%         3
 Stone Arrow              Conj/Erth      0%         3d7       67%         3
 Swiftness                Air            0%         N/A       67%         3
 Volatile Blastmotes      Fire/Tloc      0%         2d10      67%         3
 Airstrike                Air            0%         2d(0-16)  97%         4
 Brom's Barrelling Bould  Conj/Erth      0%         2d3       97%         4
 Dimensional Bullseye     Hex/Tloc       0%         N/A       97%         4
 Dispel Undead            Necr           0%         3d6       97%         4
 Flame Wave               Conj/Fire      0%         2d4       97%         4
 Olgreb's Toxic Radiance  Alch           0%         N/A       97%         4
 Summon Blazeheart Golem  Fire/Summ      0%         N/A       97%         4
 Summon Lightning Spire   Summ/Air       0%         N/A       97%         4
 Alistair's Intoxication  Alch           0%         N/A       100%        5
 Borgnjor's Vile Clutch   Necr/Erth      0%         N/A       100%        5
 Fireball                 Conj/Fire      0%         3d3       100%        5
 Iskenderun's Battlesphe  Conj           0%         2d6       100%        5
 Conjure Ball Lightning   Conj/Air       0%         3x3d6     100%        6
 Eringya's Noxious Bog    Alch           0%         4d6       100%        6
 Starburst                Conj/Fire      0%         6d3       100%        6
 Summon Cactus Giant      Summ           0%         N/A       100%        6
 Orb of Destruction       Conj           0%         9d5       100%        7
 Spellforged Servitor     Conj/Summ      0%         N/A       100%        7
 Summon Hydra             Summ           0%         N/A       100%        7
 Maxwell's Capacitive Co  Air            0%         ∞         100%        8
 Shatter                  Erth           0%         3d5*      100%        9
 Animate Armour           Summ/Erth      Unusable   N/A       N/A         4

Dungeon Overview and Level Annotations

Branches:
Dungeon (15/15)            Temple (1/1) D:7            Lair (4/5) D:8
 Shoals (1/4) Lair:2        Snake (0/4) Lair:2          Orc (2/2) D:9
    Elf (0/3) Orc:2        Vaults (0/5) D:13         Depths (0/4) D:15
Volcano (visited)         Gauntlet (visited)
  Slime: Lair:4-5

Altars:
Ashenzari
Cheibriados
Dithmenos
Elyvilon
Fedhas
Gozag
Hepliaklqana
Kikubaaqudgha
Makhleb
Nemelex Xobeh
Okawaru
Qazlal
Ru
Sif Muna
Trog
Uskayaw
Vehumet
Wu Jian
Xom
Yredelemnul
Zin
The Shining One

Shops:
D:9 :   D:11 *   D:14 =[   Orc:2 [*=(

Annotations:
D:3 1 exclusion, Grinder, Sigmund
D:9 2 transporters, sanka's ghost, novice TrMo
D:12 Sonja
Lair:1 3 runed translucent doors, exclusion: cane toad, Wuochyse's ghost, journeyman DEHW


Innate Abilities, Weirdness & Mutations

You are a fearsome dragon!
You have a powerful clawing attack.
Your giant scaled body is strong and resilient, but less evasive.
You can breathe fire.
You are flying.
Your maximum health is greatly increased.
Your armour is entirely melded.
You are incapable of wielding weapons or throwing items.
You cannot wear most types of armour.
You are amphibious.
You can wear up to eight rings at the same time.
((Your skin changes colour to match your surroundings (Stealth+).))
((Your rubbery body absorbs attacks. (AC +1, EV +1)))
((You are camouflaged when in or above water. (Stealth+)))
((You have tentacles for arms and can constrict up to eight enemies at once.))


Message History

The centaur warrior shoots an arrow.
The arrow hits you.
A wind drake comes into view.
The centaur warrior shoots an arrow.
The arrow barely misses you.
The merfolk impaler hits you with a +3 trident of protection!
You closely miss the merfolk impaler. Your bite misses the merfolk impaler.
The centaur warrior shoots an arrow.
The arrow hits you!
The merfolk impaler hits you with a +3 trident of protection!
You barely miss the merfolk impaler.
The faun shouts!
Your tail-slap misses the merfolk impaler.
The skyshark bites you!
The skyshark tastes blood and grows stronger!
The skyshark tail-slaps you but does no damage.
The skyshark tail-slaps you.
The centaur warrior shoots an arrow.
The arrow hits you but does no damage.
The merfolk impaler hits you but does no damage.
A merfolk javelineer comes into view.
It is wielding a +2 heavy spear and quivering silver javelins.
As you read the scroll of teleportation, it crumbles to dust.
You feel strangely unstable.
The merfolk impaler completely misses you.
The wind drake flaps its wings at you. The air twists around and strikes you.
The skyshark bites you!!
The skyshark enters a blood-rage!
The skyshark tail-slaps you! The skyshark barely misses you.
The merfolk impaler closely misses you.
The centaur warrior shoots an arrow.
The arrow hits you!!
* * * LOW HITPOINT WARNING * * *
The merfolk javelineer shouts!
As you read the scroll of fog, it dissolves into smoke.
You hear a shout!
You hear an angry hiss.
The skyshark bites you!!
* * * LOW HITPOINT WARNING * * *
The skyshark tail-slaps you.
* * * LOW HITPOINT WARNING * * *
The skyshark tail-slaps you but does no damage.
The merfolk impaler closely misses you. The skyshark bites you!!
Elyvilon protects you from harm! The skyshark tail-slaps you!
* * * LOW HITPOINT WARNING * * *
The skyshark closely misses you.
A faun comes into view. It is wielding a +0 spear.
The merfolk impaler hits you with a +3 trident of protection!
You die...

,,,,,
≈≈≈≈≈≈≈≈≈~~~~~c~~.
≈≈≈≈≈≈≈≈≈≈≈≈≈~c...
≈≈≈≈≈≈≈≈≈≈≈≈≈~~m...
≈≈≈≈≈≈≈≈≈≈~~~~~~c..
≈≈≈≈≈≈~~~~~~~~~H~.
≈≈≈≈≈~~~~~§..mc#
≈≈≈≈≈~~...§F§§§#
≈≈≈≈~~...†kmD§.#
≈≈≈≈~~....##§###
≈≈≈≈~~..%##### #
≈≈≈≈~....###.?.#
≈≈≈~~~~.........
≈≈~~~~~.........
≈≈~~............
≈≈~.....~.......
≈≈~..##.~.......
≈≈~.. ..........
≈≈~~. ..~.......


You could see 2 merfolk impalers, a skyshark (berserk), a merfolk javelineer, a
wind drake (repels missiles), a centaur warrior, 3 fauns and a manticore.

Vanquished Creatures
  Kirke (D:14)
  Aizul (Shoals:1)
  An orc warlord (Orc:2)
  A fire dragon (Volcano)
  An ettin (D:15)
  The ghost of qwarkbark the Cleaver, a journeyman MiFi of Trog (Orc:2)
  Harold (D:11)
  2 vault guards (D:13)
  An ogre mage (D:15)
  3 boulder beetles
  3 centaur warriors
  An ironbound frostheart (D:13)
  7 two-headed ogres
  A tengu warrior (D:15)
  An orc high priest (Orc:2)
  2 occultists (D:15)
  2 sun demons (Volcano)
  3 skysharks
  A skeletal warrior (D:13)
  A deep troll (D:10)
  4 orc sorcerers (Orc:2)
  5 manticores
  A necromancer (D:15)
  7 orc knights
  4 ugly things (D:15)
  6 meliai
  6 cyclopes
  2 elephants (Lair:1)
  2 black mambas
  2 kobold blastminers (Orc:2)
  Joseph (D:10)
  3 smoke demons (Volcano)
  Maggie (D:9)
  A torpor snail (Lair:1)
  A gargoyle (D:11)
  4 cane toads
  8 komodo dragons
  An unseen horror (shapeshifter) (D:14)
  3 tengu conjurers
  Psyche (D:9)
  2 rime drakes (Lair:4)
  A kobold demonologist (D:10)
  A freezing wraith (D:15)
  5 trolls
  A hornet (D:10)
  16 blink frogs
  A snapping turtle (Lair:2)
  16 slime creatures
  2 wyverns
  A vampire (D:12)
  2 wraiths
  A human (D:13)
  2 shadows
  A water elemental (Lair:2)
  48 yaks
  5 hogs (D:14)
  8 steam dragons
  A redback (D:9)
  2 basilisks
  2 vampire mosquitoes (D:13)
  2 wargs (Orc:2)
  2 acid dragons
  13 water moccasins
  A swamp drake (D:9)
  A black bear (Lair:3)
  A laughing skull (D:9)
  29 orc warriors
  A sky beast (D:8)
  10 ogres
  4 ice beasts
  An ogre (shapeshifter) (D:14)
  5 centaurs
  7 wolves
  3 kobold brigands
  2 gnoll sergeants
  15 bullfrogs
  A scorpion (D:6)
  4 wights
  9 killer bees (D:8)
  2 electric eels (D:12)
  2 howler monkeys
  3 bombardier beetles
  A hound (D:4)
  3 jellies
  11 orc priests
  4 sleepcaps
  4 iguanas
  Natasha (thrice) (D:3)
  15 orc wizards
  7 adders
  14 gnolls
  A river rat (D:5)
  A white imp (D:7)
  2 ufetubi
  2 dart slugs
  2 ribbon worms (D:4)
  58 orcs
  7 endoplasms
  8 giant cockroaches
  8 goblins
  4 hobgoblins
  7 jackals
  19 kobolds
  8 quokkas
  6 ball pythons
  3 bats
  7 frilled lizards
  10 rats
549 creatures vanquished.

Notes
Turn   | Place    | Note
-------+----------+-------------------------------------------
     0 | D:1      | AlterAsc the Octopode Shapeshifter began the quest for the
                  | Orb.
     0 | D:1      | Reached XP level 1. HP: 13/13 MP: 1/1
   214 | D:1      | Reached XP level 2. HP: 18/18 MP: 2/2
   308 | D:1      | Found a faded altar of an unknown god.
   785 | D:2      | Reached XP level 3. HP: 23/23 MP: 3/3
  1266 | D:2      | Reached XP level 4. HP: 28/28 MP: 4/4
  1678 | D:3      | Reached skill level 5 in Unarmed Combat
  1812 | D:3      | Noticed Natasha
  1819 | D:3      | Killed Natasha
  1820 | D:3      | Reached XP level 5. HP: 19/33 MP: 5/5
  2001 | D:3      | Noticed Natasha
  2004 | D:3      | Killed Natasha
  2019 | D:3      | Noticed Grinder
  2219 | D:3      | Noticed Sigmund
  2389 | D:3      | Found a white marble altar of Elyvilon.
  2461 | D:3      | Became a worshipper of Elyvilon the Healer
  2675 | D:3      | Identified the +1 pair of gloves of Forking Paths {rN+}
  2727 | D:3      | Noticed Natasha
  2738 | D:3      | Killed Natasha
  2739 | D:3      | Reached XP level 6. HP: 8/38 MP: 6/6
  2907 | D:4      | You fall into a shaft and drop 2 floors!
  3149 | D:5      | Entered Level 5 of the Dungeon
  3149 | D:5      | Noticed a water moccasin
  3163 | D:5      | Killed a water moccasin
  3271 | D:4      | Reached * piety under Elyvilon
  3556 | D:4      | Reached XP level 7. HP: 40/43 MP: 7/7
  4416 | D:5      | Reached ** piety under Elyvilon
  4468 | D:5      | Reached XP level 8. HP: 48/48 MP: 8/8
  4971 | D:6      | Reached skill level 10 in Unarmed Combat
  5120 | D:5      | Reached skill level 1 in Invocations
  5636 | D:6      | Reached *** piety under Elyvilon
  5734 | D:6      | Reached XP level 9. HP: 40/55 MP: 11/11
  5891 | D:6      | Reached skill level 4 in Shapeshifting
  6436 | D:7      | Found a staircase to the Ecumenical Temple.
  6455 | Temple   | Entered the Ecumenical Temple
  6585 | D:7      | Reached skill level 5 in Shapeshifting
  6759 | D:7      | Reached **** piety under Elyvilon
  6895 | D:7      | Reached skill level 6 in Shapeshifting
  7630 | D:8      | Found a staircase to the Lair.
  7649 | D:8      | Reached skill level 7 in Shapeshifting
  7805 | D:8      | Found a sacrificial altar of Ru.
  7995 | D:8      | Reached XP level 10. HP: 56/63 MP: 12/12
  8171 | D:8      | Found an ornate altar of the Wu Jian Council.
  8209 | D:8      | Reached skill level 8 in Shapeshifting
  8782 | Lair:1   | Entered Level 1 of the Lair of Beasts
  8802 | Lair:1   | Noticed a black mamba
  8809 | Lair:1   | Killed a black mamba
  9125 | Lair:1   | Reached skill level 9 in Shapeshifting
  9137 | Lair:1   | Noticed an elephant
  9350 | Lair:1   | Pacified an elephant
  9361 | Lair:1   | Noticed an elephant
  9597 | D:9      | Found Naroilyll's Self-Published Books.
  9619 | D:9      | Noticed Maggie
  9663 | D:9      | Reached ***** piety under Elyvilon
  9799 | D:9      | Reached skill level 10 in Shapeshifting
  9816 | D:9      | Found a bloodstained altar of Trog.
  9818 | D:9      | Noticed sanka's ghost (novice TrMo)
  9823 | D:9      | Noticed a tengu warrior
  9825 | D:9      | Found a transporter.
  9828 | D:9      | Noticed Psyche
  9831 | D:9      | Noticed a two-headed ogre
  9841 | D:9      | Noticed a moth of wrath
  9842 | D:9      | Found a transporter.
  9903 | D:9      | Found the +5 Force Lance {heavy, knockback}
 10137 | D:9      | Found a runed translucent door.
 10137 | D:9      | Noticed a boulder beetle
 10394 | D:9      | Found a staircase to the Orcish Mines.
 10918 | Lair:1   | Noticed an elephant
 10974 | Lair:1   | Killed an elephant
 10978 | Lair:1   | Killed an elephant
 10979 | Lair:1   | Reached skill level 11 in Shapeshifting
 10979 | Lair:1   | Reached XP level 11. HP: 47/67 MP: 13/13
 11166 | Lair:1   | Found a runed translucent gate.
 11168 | Lair:1   | Found a runed translucent gate.
 11169 | Lair:1   | Found a runed translucent gate.
 11171 | Lair:1   | Noticed Wuochyse's ghost (journeyman DEHW)
 11481 | Lair:1   | Reached skill level 12 in Shapeshifting
 11737 | Lair:1   | Reached skill level 13 in Shapeshifting
 12607 | Lair:2   | Noticed a six-headed hydra
 12608 | Lair:2   | Pacified a six-headed hydra
 12609 | Lair:2   | Reached skill level 14 in Shapeshifting
 12609 | Lair:2   | Reached XP level 12. HP: 74/74 MP: 15/15
 12892 | Lair:2   | Found a staircase to the Shoals.
 12949 | Lair:2   | Found a staircase to the Snake Pit.
 13399 | Lair:3   | You are sucked into a shaft and drop 1 floor!
 13445 | Lair:4   | Found a dark tunnel.
 13482 | Volcano  | Entered a volcano
 13561 | Volcano  | Reached skill level 5 in Dodging
 13647 | Volcano  | Noticed a sun demon
 13654 | Volcano  | Killed a sun demon
 13655 | Volcano  | Reached skill level 5 in Invocations
 13700 | Volcano  | Noticed a sun demon
 13717 | Volcano  | Killed a sun demon
 13892 | Volcano  | Noticed a fire dragon
 13906 | Volcano  | Killed a fire dragon
 13907 | Volcano  | Reached skill level 5 in Fighting
 14109 | Lair:3   | Noticed a skyshark
 14118 | Lair:3   | Killed a skyshark
 14209 | Lair:3   | Identified the +0 cloak "Eredd" {Will+ rCorr Str-5 Dex+3}
 14225 | Lair:3   | Noticed a five-headed hydra
 14228 | Lair:3   | Pacified a five-headed hydra
 15022 | Lair:3   | Reached XP level 13. HP: 82/83 MP: 17/17
 15496 | Orc:1    | Entered Level 1 of the Orcish Mines
 15550 | Orc:1    | Found a bloodstained altar of Trog.
 15679 | Orc:2    | Entered Level 2 of the Orcish Mines
 15784 | D:10     | Entered Level 10 of the Dungeon
 15799 | D:10     | Noticed Joseph
 15811 | D:10     | Killed Joseph
 16034 | D:10     | Found a shimmering blue altar of Sif Muna.
 16040 | D:10     | Found a bloodstained altar of Trog.
 16143 | D:10     | Paralysed by a hornet for 2 turns
 16161 | D:10     | Reached ****** piety under Elyvilon
 16708 | D:11     | Found a gate leading to a gauntlet.
 16728 | Gauntlet | Entered a Gauntlet
 16728 | Gauntlet | Found a transporter.
 16737 | Gauntlet | Found a transporter.
 16753 | Gauntlet | Noticed a reaper
 16758 | Gauntlet | Found a transporter.
 16758 | Gauntlet | Found a transporter.
 16779 | Gauntlet | Found a transporter.
 16791 | Gauntlet | Found the ring of the Hare {EV+10}
 16792 | Gauntlet | Found a transporter.
 16805 | Gauntlet | Found a transporter.
 16832 | Gauntlet | Found a runed translucent door.
 16832 | Gauntlet | Found a transporter.
 16832 | Gauntlet | Found a transporter.
 16838 | Gauntlet | Found a transporter.
 16847 | Gauntlet | Found a runed translucent door.
 16871 | Gauntlet | Found a transporter.
 16871 | Gauntlet | Found a transporter.
 17180 | D:11     | Noticed Harold
 17183 | D:11     | Killed Harold
 17553 | D:11     | Found Hojyj's General Store.
 17561 | D:11     | Bought a scroll of identify for 26 gold pieces
 17561 | D:11     | Bought a scroll of identify for 26 gold pieces
 18125 | Orc:2    | Noticed an orc warlord
 18332 | Orc:2    | Found Ylulyosk's Antique Weapon Emporium.
 18595 | Orc:2    | Reached skill level 15 in Shapeshifting
 18725 | Orc:2    | Killed an orc warlord
 19083 | Orc:2    | Found a staircase to the Elven Halls.
 19103 | Orc:2    | Found a large runed translucent door.
 19103 | Orc:2    | Found a large runed translucent door.
 19105 | Orc:2    | Noticed qwarkbark's ghost (journeyman MiFi)
 19452 | Orc:2    | Found Laloer's General Store.
 19707 | Orc:2    | Found Jowiedd's Jewellery Emporium.
 19721 | Orc:2    | Reached XP level 14. HP: 94/94 MP: 19/19
 19885 | Orc:2    | Found Nukimioq's Antique Armour Boutique.
 20301 | Orc:2    | Killed qwarkbark's ghost
 20467 | Orc:2    | Bought a ring of protection from fire for 425 gold pieces
 20467 | Orc:2    | Bought a +6 ring of dexterity for 612 gold pieces
 20467 | Orc:2    | Bought a ring of see invisible for 255 gold pieces
 20492 | Orc:2    | Bought an amulet of regeneration for 510 gold pieces
 21663 | D:9      | Got the Anthology of the Quake
 21723 | D:9      | Killed Psyche
 21846 | D:9      | Killed Maggie
 22052 | D:12     | Found a white marble altar of Elyvilon.
 22587 | D:12     | Noticed Sonja
 23097 | D:13     | Found a gate to the Vaults.
 23966 | D:14     | Found a blossoming altar of Fedhas.
 23979 | D:14     | Identified the +7 war axe of Welfare {protect, rElec rF-
                  | Int+3}
 23979 | D:14     | Noticed Kirke
 24007 | D:14     | Noticed a sphinx
 24019 | D:14     | Paralysed by a sphinx for 2 turns
 24022 | D:14     | Killed Kirke
 24460 | D:14     | Found Xestug's Jewellery Boutique.
 24496 | D:14     | Reached XP level 15. HP: 102/102 MP: 20/20
 24549 | D:14     | Found Ynnaj's Antique Armour Boutique.
 24758 | D:15     | Entered Level 15 of the Dungeon
 24766 | D:15     | Found a snail-covered altar of Cheibriados.
 24919 | D:15     | Paralysed by an ogre mage for 4 turns
 24926 | D:15     | Reached skill level 16 in Shapeshifting
 25005 | D:15     | Reached skill level 10 in Dodging
 25116 | D:15     | Reached skill level 10 in Fighting
 25139 | D:15     | Found a staircase to the Depths.
 25880 | Shoals:1 | Entered Level 1 of the Shoals
 25884 | Shoals:1 | Identified the serpent talisman "Beips" {rF+ Will+}
 25884 | Shoals:1 | Noticed Aizul
 25889 | Shoals:1 | Killed Aizul
 26069 | Shoals:1 | Elyvilon protects you from harm!
 26069 | Shoals:1 | Mangled by a merfolk impaler

Illustrated notes

Levels and vault maps discovered:
D:1:      heliophobic_arrival_dark_side_of_the_moon, layout_basic,
          chequers_ecumenical_altar_simple_redux
D:2:      layout_loops_ring
D:3:      layout_basic, mainiacjoe_overflow_catwalk, chequers_big_river,
          uniq_natasha, uniq_grinder, uniq_sigmund
D:4:      minmay_polygon_palace, layout_rooms
D:5:      layout_loops_cross, portal_sewer_entry_e
D:6:      layout_gridville
D:7:      layout_basic, minmay_temple_entry_enclosed_plants
D:8:      layout_basic, nicolae_wu_jian_wuxing_cycle,
          mainiacjoe_overflow_six_doors_small
D:9:      layout_rooms, erik_orc_1, gammafunk_ghost_wrathful_warriors,
          nicolae_custom_books, minivault_13, uniq_psyche, uniq_maggie
D:10:     dreamdust_cave_troll, layout_grid_maze,
          hellmonk_overflow_destroyed_library, uniq_joseph
D:11:     layout_gridville, serial_shops, shop, gauntlet_entry_generic,
          uniq_harold
D:12:     layout_cave_pods, serial_park, serial_park_fountain,
          serial_park_tiny_2, serial_park_tiny_2, serial_park_square2,
          elyvilon_altar_3, uniq_sonja
D:13:     layout_irregular_city, hellmonk_vaults_keyhole
D:14:     layout_basic, serial_shops, shop, shop, fedhas_altar_1, minivault_16,
          uniq_kirke
D:15:     hangedman_depths_entry_civil_slaughter, layout_rooms,
          serial_park_square1 [serial_park_minivault_5x5_4]
Temple:   sentei_temple_godly_chess
Lair:1:   layout_small_grid, gammafunk_ghost_necromancy, grunt_megastairs_4
Lair:2:   layout_hall_layers, minmay_shoals_entry_hut, dummy_snake_entry
Lair:3:   layout_layer_cave, grunt_megastairs_2
Lair:4:   layout_hall_layers, enter_volcano_4
Shoals:1: cheibrodos_shoals_epimethial_gifts, layout_shoals, uniq_aizul
Orc:1:    layout_diamond_mine, basic_altar
Orc:2:    grunt_orc_gardens, layout_diamond_mine, grunt_orc_garden,
          grunt_orc_garden, grunt_orc_garden, grunt_orc_garden,
          ebering_ghost_disaster_area

Skill      XL: |  1  2  3  4  5  6  7  8  9 10 11 12 13 14 15 |
---------------+----------------------------------------------+-----
Unarmed Combat | 4 5 6 7 9 10 11 12 13 14 | 14.8
Invocations    | 2 3 4 5 7 |  7.0
Fighting       | 2 3 6 8 9 10 | 10.2
Dodging        | 3 4 6 8 9 10 | 10.3
Shapeshifting  | 7 11 14 15 16 | 16.0

Action                     |  1- 3 |  4- 6 |  7- 9 | 10-12 | 13-15 || total
---------------------------+-------+-------+-------+-------+-------++-------
  Melee: Unarmed           |    70 |    79 |   237 |   327 |   526 ||  1239
         Constrict         |    13 |    24 |    55 |    20 |       ||   112
         Tentacles         |     6 |    18 |    47 |    20 |       ||    91
         Punch             |     4 |     5 |    19 |    22 |    37 ||    87
         Tailslap          |       |       |       |    38 |    87 ||   125
         Bite              |       |       |       |    13 |    60 ||    73
  Throw: Stone             |    34 |    11 |     3 |       |       ||    48
         Javelin           |       |    19 |    20 |       |       ||    39
         Boomerang         |       |       |    34 |    22 |       ||    56
         Dart              |       |       |     3 |    12 |       ||    15
 Invoke: Heal Self         |       |       |     1 |     6 |     5 ||    12
         Heal Other        |       |       |       |     4 |     5 ||     9
         Purification      |       |       |       |     1 |     1 ||     2
Ability: Breathe Fire      |       |       |       |    23 |    51 ||    74
  Evoke: Wand              |       |       |       |     6 |     1 ||     7
    Use: Scroll            |       |     5 |     5 |     5 |    13 ||    28
         Potion            |       |     1 |     2 |     1 |     1 ||     5
   Stab: Sleeping          |     3 |     4 |     2 |       |     1 ||    10
         Invisible         |       |       |       |     1 |     1 ||     2
         Distracted        |       |       |       |       |     1 ||     1
         Fleeing           |       |       |       |       |     1 ||     1
 Armour: Skin              |    16 |    43 |   133 |   216 |   480 ||   888
  Dodge: Dodged            |    22 |    45 |   128 |   124 |   302 ||   621
   Form: Dragon            |       |       |       |     1 |       ||     1
